 Dungeon Crawl Stone Soup version 0.21.0-3-g78d12a8 (webtiles) character file.

356194 Monsterracer the Executioner (level 22, -21/148 HPs)
             Began as a Gargoyle Chaos Knight on Jan 14, 2018.
             Killed by the air
             ... invoked by Sojobo
              (53 damage)
             ... on level 1 of the Depths on Jan 15, 2018.
             The game lasted 01:48:32 (51895 turns).

Monsterracer the Executioner (GrCK)                Turns: 51895, Time: 01:48:33

Health: -21/148    AC: 64    Str: 20    XL:     22   Next: 33%
Magic:  22/22      EV:  9    Int: 20    God:    Xom [.*....]
Gold:   639        SH:  0    Dex: 15    Spells: 19/21 levels left

rFire    + + .     SeeInvis +   a - +9 executioner's axe (elec)
rCold    + + +     Gourm    .   (shield currently unavailable)
rNeg     + + .     Faith    .   R - +2 crystal plate armour
rPois    ∞         Spirit   .   l - +2 helmet
rElec    +         Reflect  .   S - +1 cloak {rC+}
rCorr    .         Harm     .   E - +1 pair of gloves
MR       ++++.     Clarity  +   t - +2 pair of boots
Stlth    ..........             d - amulet of Donaiv {RegenMP rElec rC+ rN+ Str-3 Dex+4}
HPRegen  0.00/turn              F - ring "Socua" {rC+ SInv}
MPRegen  0.43/turn              h - ring "Fidiwutz" {rF+ MR+ Int+4}

@: about to teleport, flying, very slightly contaminated
A: big wings, fangs 1, iridescent scales 1, molten scales 2, camouflage 2, agile
1, clarity, fire resistance 1, magic resistance 2, mutation resistance 1,
negative energy resistance 1, shaggy fur 1, electricity resistance, inhibited
regeneration, wild magic 2, unbreathing, petrification resistance, rot immunity,
AC +16
}: 2/15 runes: barnacled, gossamer
a: Stop Flying, Renounce Religion


You were on level 1 of the Depths.
You worshipped Xom.
You were a plaything of Xom.
You were hungry.

You visited 7 branches of the dungeon, and saw 36 of its levels.
You also visited: Bailey and Ice Cave.

You collected 4030 gold pieces.
You spent 3391 gold pieces at shops.

Inventory:

Hand Weapons
 a - a +9 executioner's axe of electrocution (weapon)
 b - a +9 antimagic battleaxe
Missiles
 J - 2 throwing nets (quivered)
Armour
 j - the +6 scale mail of Melancholy {Regen+ rCorr Dex+7}
   (You found it on level 14 of the Dungeon)

   It affects your dexterity (+7).
   It increases your rate of regeneration.
   It protects you from acid and corrosion.
 l - a +2 helmet (worn)
 t - a +2 pair of boots (worn)
 C - a +2 plate armour of cold resistance
 E - a +1 pair of gloves (worn)
 Q - a +4 chain mail of magic resistance
 R - a +2 crystal plate armour (worn)
 S - a +1 cloak of cold resistance (worn)
Jewellery
 d - the amulet of Donaiv (around neck) {RegenMP rElec rC+ rN+ Str-3 Dex+4}
   (You found it on level 8 of the Dungeon)

   [amulet of magic regeneration]

   It increases your magic regeneration.
   It affects your strength (-3).
   It affects your dexterity (+4).
   It protects you from cold.
   It insulates you from electricity.
   It protects you from negative energy.
 h - the ring "Fidiwutz" (right hand) {rF+ MR+ Int+4}
   (You bought it in a shop on level 9 of the Dungeon)

   [ring of protection from fire]

   It affects your intelligence (+4).
   It protects you from fire.
   It affects your resistance to hostile enchantments.
 o - an uncursed amulet of faith
 z - an uncursed ring of positive energy {!d}
 B - an uncursed ring of resist corrosion {!d}
 F - the ring "Socua" (left hand) {rC+ SInv}
   (You found it on level 2 of the Lair of Beasts)

   [ring of protection from cold]

   It protects you from cold.
   It lets you see invisible.
 U - the cursed ring of Xom's Capriciousness {rElec rC+ Dex-3 SInv}
   (You took it off a merfolk impaler on level 4 of the Shoals)

   [ring of dexterity]

   It affects your dexterity (-3).
   It protects you from cold.
   It insulates you from electricity.
   It lets you see invisible.
   It has a curse placed upon it.
Wands
 i - a wand of iceblast (11)
 q - a wand of digging (6)
 w - a wand of flame (63)
 D - a wand of clouds (10)
 I - a wand of acid (20)
Scrolls
 k - 2 scrolls of enchant weapon
 n - 11 scrolls of teleportation
 s - 8 scrolls of magic mapping {!r}
 v - a scroll of summoning {!r}
 x - 2 scrolls of fear {!r}
 G - 3 scrolls of remove curse
 K - 3 scrolls of blinking
 M - 2 scrolls of silence
 N - 8 scrolls of identify
Potions
 e - 6 potions of might
 f - 12 potions of curing
 g - 2 potions of heal wounds
 m - 3 potions of mutation {!q}
 r - 4 potions of cancellation
 u - 4 potions of berserk rage {!q}
 A - a potion of haste
 H - 3 potions of agility
 L - 7 potions of invisibility
 O - 5 potions of magic
 P - a potion of ambrosia {!q}
Comestibles
 c - 53 rations


   Skills:
 + Level 18.5 Fighting
 * Level 21.4 Axes
 + Level 18.8 Armour
 - Level 8.6 Dodging
 - Level 5.0 Stealth
   Level 14.0 Shields


You had 19 spell levels left.
You knew the following spells:

 Your Spells              Type           Power        Failure   Level  Hunger
e - Blink                 Tloc           N/A          100%        2    ###....


Dungeon Overview and Level Annotations

Branches:
Dungeon (15/15)            Temple (0/1) D:7            Lair (6/6) D:8
 Shoals (4/4) Lair:3       Spider (4/4) Lair:2        Slime (0/5) Lair:5
    Orc (2/2) D:11            Elf (0/3) Orc:2        Vaults (4/5) D:14
  Crypt (0/3) Vaults:3     Depths (1/5) D:15

Altars:
Dithmenos
Fedhas
Kikubaaqudgha
Makhleb
Nemelex Xobeh
Okawaru
Qazlal
Ru
Uskayaw
Xom
Jiyva

Shops:
D:8 [:[?}   D:9 =![(*   Orc:1 %   Orc:2 %*([:   Vaults:2 !   Vaults:4 (*}[

Portals:
Pandemonium: Orc:2

Annotations:
Depths:1 Sojobo


Innate Abilities, Weirdness & Mutations

You are resistant to torment.
Your stone body is resilient. (AC +16)
You are immune to poison.
Your large and strong wings let you fly indefinitely.
You resist negative energy. (rN+)
You are resistant to electric shocks. (rElec)
You can survive without breathing.
You are immune to petrification.
You are immune to rotting.
You have very sharp teeth.
You are partially covered in iridescent scales. (AC +2)
You are mostly covered in molten scales. (AC +3)
Your skin blends seamlessly with your surroundings (Stealth++).
You are agile. (Dex +2)
You possess an exceptional clarity of mind.
Your flesh is heat resistant. (rF+)
You are highly resistant to hostile enchantments. (MR++)
You are somewhat resistant to further mutation.
You are covered in fur. (AC +1)
You do not regenerate when monsters are visible.
Your spells are harder to cast, but more powerful.


Message History

The two-headed ogre closely misses you.
The ogre mage hits you but does no damage.
You take 15 damage, and have 11/148 hp.
Unknown command.
Blink to where?
Press: ? - help, Dir - move target cursor You are very lightly contaminated with residual magic.
As you read the scroll of blinking, it crumbles to dust.
Okay, then.
Evoke which item? (* to show all) (? for menu, Esc to quit)
Aiming: Dig
Press: ? - help, Shift-Dir - straight line, f - you
Okay, then.
As you read the scroll of teleportation, it crumbles to dust.
You feel strangely unstable.
The deep troll earth mage points at the rock wall and mumbles some strange words.
You hear a grinding noise.
You feel much better. "Heh heh heh..."
The boggart looks rather confused. x3; The ettin looks rather confused. x2
The stone giant looks rather confused.
The deep troll earth mage looks rather confused.
The deep troll looks rather confused.
The frost giant looks rather confused.
The spark wasp looks rather confused. x2
The two-headed ogre looks rather confused.
The great orb of eyes looks rather confused.
You are now a plaything of Xom.
The ettin seems less confused.
The spark wasp stings the great orb of eyes!
The spark wasp shocks the great orb of eyes!
The two-headed ogre hits something with a giant spiked club!
The two-headed ogre hits something with a giant club!
The ettin hits the boggart with a great mace of crushing!
The boggart is killed!
The ettin dissolves into shadows!
The great orb of eyes dissolves into shadows!
The frost giant hits the ettin but does no damage.
The boggart hits the deep troll.
The stone giant hits the deep troll!!
You regained 31 hp, and now have 42/148 hp.
Drop what? 44/52 slots (_ for help) (? for menu, Esc to quit)
Okay, then.
Your surroundings suddenly seem different.
You feel a bit more experienced. x2
Found an escape hatch in the floor.
You start resting.
You hear a shout! x2
Some rock shatters into small pieces.
The frost giant shouts!
You regained 6 hp, and now have 48/148 hp.
The deep troll earth mage gestures at you while chanting.
You shatter!
* * * LOW HITPOINT WARNING * * *
The frost giant points at you and mumbles some strange words.
The bolt of cold hits you! You resist.
The ogre mage shouts!
You hear a shout! x2; You hear two shouts!
You hear a shout! x2
You take 27 damage, and have 21/148 hp.
The deep troll earth mage casts a spell at you.
You shatter!
* * * LOW HITPOINT WARNING * * *
The frost giant gestures at you while chanting.
The bolt of cold hits you! You resist.
* * * LOW HITPOINT WARNING * * *
You hear a shout!
You hear an angry buzzing noise.
You hear two shouts!
You take 15 damage, and have 6/148 hp.
Okay, then.
Really read
x - 3 scrolls of fear {!r}?
As you read the scroll of fear {!r}, it crumbles to dust.
You assume a fearsome visage.
The ettin looks frightened!
The stone giant resists with some effort.
The deep troll earth mage looks frightened!
The deep troll looks frightened!
The frost giant looks frightened!
The two-headed ogre looks frightened!
The two-headed ogre resists with some effort.
Xom makes a sudden noise!
You hear a crunching sound.
The deep troll earth mage points next to the stone giant and mumbles some strange words.
Some rock shatters into small pieces.
The deep troll earth mage points next to the frost giant and mumbles some strange words.
You hear a grinding noise.
You hear a shout!
The deep troll earth mage gestures next to the two-headed ogre while chanting.
You hear a grinding noise.
The stone giant throws a large rock.
The large rock hits you but does no damage.
The large rock dissolves into shadows!
An ogre and a tengu reaver come into view.
The tengu reaver is wielding a great sword of holy wrath.
The tengu reaver shouts!
The two-headed ogre shouts in stereo!
The ogre shouts!
The tengu reaver moves out of view.
The deep troll earth mage casts a spell past you.
The wall shatters!
The blast of rock fragments hits you!
You hear an angry buzzing noise.
You hear a shout!
Sojobo, Queen of Tengu comes into view.
She is wielding an antimagic triple sword.
You feel much better.
You regained 26 hp, and now have 32/148 hp.
As you read the scroll of teleportation, it crumbles to dust.
You feel strangely unstable.
Sojobo waves her feathered arms in wide circles.
The air twists around and violently strikes you in flight!
You die...
Xom cackles wildly!

#.# #.# . ..# #.+ #.#
...##+##.# ..#...#.##+#
#####.#...#@##.#
#.........#4##.####
#.........+.......#
#.........#Q*..#..#
###+##........O#.##.##.##
......=......O§Q.##..#..## ..
.....†.....###OQ'###.T.#.#####
..
..........##.......###C....>..
..
......#####..#Q..#..###.##.###
..


You could see Sojobo, a stone giant, 2 tengu reavers, a deep troll earth mage,
an ice devil and a battlesphere.

Vanquished Creatures
  Rupert (D:15)
  An Ice Fiend (IceCv)
  A tentacled monstrosity (Vaults:4)
  The ghost of Jatast the Markscentaur, an adept CeHu of Okawaru (Shoals:4)
  Polyphemus (Shoals:3)
  The ghost of jazmu the Eclecticist, an adept DsFE of Vehumet (Vaults:4)
  2 krakens
  3 sphinxes
  A shadow dragon (Shoals:4)
  Frances (Shoals:2)
  Donald (Shoals:3)
  A storm dragon (Shoals:4)
  5 ghost moths
  9 vault wardens
  3 fire giants (Vaults:4)
  An orc warlord (Vaults:4)
  5 emperor scorpions
  A frost giant (Vaults:4)
  9 ironheart preservers
  5 stone giants
  A war gargoyle (Vaults:4)
  3 entropy weavers
  2 deep elf demonologists
  Nessos (Lair:4)
  5 spark wasps
  Snorg (Orc:1)
  2 ettins
  4 merfolk javelineers
  7 yaktaur captains
  A crystal guardian (Vaults:4)
  Josephine (D:10)
  7 merfolk impalers
  A fire dragon (Vaults:3)
  2 great orbs of eyes
  6 ice dragons
  An ice dragon (shapeshifter) (Shoals:4)
  3 rakshasas
  7 centaur warriors
  2 merfolk avatars (Shoals:4)
  2 vault guards
  8 hydras
  An anaconda (Shoals:4)
  9 ogre magi
  38 two-headed ogres
  2 deep troll shamans
  8 merfolk aquamancers
  A death knight (Vaults:4)
  3 catoblepae
  7 satyrs
  2 tengu warriors (D:15)
  7 orc high priests
  An alligator snapping turtle (Shoals:3)
  A shock serpent (Shoals:4)
  A deep troll earth mage (Depths:1)
  A titan zombie (Vaults:4)
  14 death yaks
  4 deep elf knights
  A shock serpent (shapeshifter) (Vaults:4)
  Nergalle (D:10)
  A titan skeleton (Vaults:3)
  A sixfirhy (Orc:2)
  10 skeletal warriors
  21 sea snakes
  An infernal demonspawn (Orc:2)
  2 swamp dragons
  A torturous demonspawn (Orc:2)
  8 deep trolls
  A gelid demonspawn (Orc:2)
  A lindwurm (Vaults:1)
  17 orc knights
  19 harpies
  2 deep elf archers
  2 necromancers
  2 wizards (Vaults:3)
  17 ironbrand convokers
  Pikel (D:8)
  A mana viper (shapeshifter) (D:15)
  29 ugly things
  12 orb spiders
  An oklob plant (Lair:2)
  8 deep elf magi
  11 cyclopes
  8 orc sorcerers
  30 wolf spiders
  10 manticores
  A sphinx skeleton (Vaults:3)
  21 fauns
  3 moths of wrath
  4 human skeletons (Vaults:3)
  11 vault sentinels
  11 elephants
  A salamander (shapeshifter) (Vaults:1)
  A stone giant skeleton (Vaults:3)
  An ice statue (IceCv)
  3 water nymphs
  9 merfolk sirens
  A molten gargoyle (Lair:3)
  A black mamba (Lair:6)
  A smoke demon (Orc:2)
  7 spiny frogs
  A centaur skeleton (D:14)
  4 komodo dragons
  A rime drake (shapeshifter) (Vaults:1)
  37 yaktaurs
  13 demonic crawlers
  7 freezing wraiths
  2 anaconda simulacra (IceCv)
  A yaktaur zombie (Vaults:4)
  An entropy weaver simulacrum (Vaults:2)
  A hellwing (Orc:2)
  7 ice devils
  8 rime drakes
  7 wind drakes
  5 trolls
  2 wandering mushrooms (Lair:2)
  2 queen bees (shapeshifter)
  A queen bee (D:11)
  A troll (shapeshifter) (Vaults:4)
  22 jumping spiders
  A yaktaur skeleton (Vaults:3)
  3 polar bears
  27 merfolk
  A tyrant leech (Shoals:4)
  12 hornets
  A hornet (shapeshifter) (Vaults:3)
  A raiju (Lair:6)
  10 blink frogs
  13 hippogriffs
  7 slime creatures
  A blink frog (shapeshifter) (Vaults:1)
  3 snapping turtles
  13 dream sheep
  Sigmund (D:3)
  19 water elementals
  A spriggan (D:8)
  2 ettin skeletons (Vaults:3)
  5 wraiths
  16 tarantellas
  34 yaks
  A vampire (D:14)
  10 wyverns
  64 redbacks
  A yak (shapeshifter) (Vaults:3)
  2 dire elephant simulacra (IceCv)
  2 golden eyes (shapeshifter)
  13 basilisks
  2 humans (shapeshifter)
  A yaktaur simulacrum (Vaults:2)
  2 steam dragons
  8 vampire mosquitoes
  An iron troll simulacrum (IceCv)
  5 harpy simulacra (IceCv)
  10 wargs
  A soldier ant (shapeshifter) (Vaults:1)
  5 hydra simulacra (IceCv)
  3 acid dragons
  7 water moccasins
  6 porcupines
  A hell hound (Lair:5)
  2 deep troll skeletons (Vaults:3)
  Duvessa (D:5)
  4 ettin simulacra (IceCv)
  An eye of draining (shapeshifter) (Vaults:1)
  59 orc warriors
  31 ogres
  3 black bears
  6 boggarts
  3 phantoms
  A necrophage (D:13)
  24 wolves
  24 centaurs
  9 crocodiles
  3 big kobolds
  Blork the orc (D:5)
  A human zombie (Vaults:4)
  14 bullfrogs
  A gnoll sergeant (D:7)
  A wyvern zombie (D:13)
  Dowan (D:5)
  8 scorpions
  A wyvern skeleton (D:12)
  23 killer bees
  2 vampire bats (D:15)
  14 wights
  6 electric eels
  3 howler monkeys (D:12)
  8 crimson imps
  2 centaur zombies
  5 lava snakes (Lair:3)
  A quasit (D:7)
  2 bullfrog skeletons
  14 hounds
  2 draconian simulacra (IceCv)
  7 jellies
  29 orc priests
  A gnoll shaman (D:6)
  Terence (D:3)
  4 iguanas
  19 orc wizards
  8 worker ants
  2 spriggan simulacra (IceCv)
  A wolf simulacrum (IceCv)
  A killer bee zombie (D:6)
  3 centaur simulacra (IceCv)
  A hound zombie (D:11)
  2 hound skeletons
  The ghost of letownia2 the Magician, a weakling VSWz (D:4)
  A howler monkey zombie (D:7)
  10 gnolls
  14 adders
  2 gnolls (shapeshifter)
  A naga simulacrum (IceCv)
  An ogre simulacrum (IceCv)
  3 shadow imps
  10 white imps (IceCv)
  7 ufetubi (IceCv)
  An adder zombie (D:5)
  5 leopard geckos
  119 orcs
  7 giant cockroaches
  6 hobgoblins
  5 jackals
  6 quokkas
  2 ball pythons
  A ball python (shapeshifter) (D:3)
  7 bats
  5 frilled lizards
  12 goblins
  A jackal skeleton (D:4)
  16 kobolds
  2 quokka skeletons
  6 rats
  3 fungi (Lair:6)
  30 plants
  3 tentacles
  A withered plant (Shoals:2)
1602 creatures vanquished.

Vanquished Creatures (collateral kills)
  A ghost moth (Spider:1)
  A hydra (Lair:6)
  A deep troll shaman (Lair:6)
  6 two-headed ogres
  2 death yaks
  2 orc knights (Bailey)
  An oklob plant (Lair:2)
  A merfolk siren (Shoals:4)
  A rust devil (Orc:2)
  A molten gargoyle (Lair:3)
  2 blink frogs (Lair:4)
  A tarantella (Spider:1)
  3 orc warriors (Bailey)
  2 wolves (Lair:2)
  2 orcs
  A plant (Lair:6)
28 creatures vanquished.

Vanquished Creatures (others)
  A centaur warrior (Vaults:1)
  A two-headed ogre (D:11)
  A deep elf knight (Vaults:2)
  An orb spider (Spider:1)
  A merfolk (Shoals:2)
  A blink frog (Lair:6)
  A water elemental (Shoals:3)
  An orc warrior (D:11)
  4 slaves (D:8)
  An ogre (Vaults:4)
  A worker ant (D:8)
  An adder (D:2)
  10 fungi
  109 plants
  6 tentacles
140 creatures vanquished.

Grand Total: 1770 creatures vanquished

Notes
Turn   | Place    | Note
-------+----------+-------------------------------------------
     0 | D:1      | Monsterracer the Gargoyle Chaos Knight began the quest for the Orb.
     0 | D:1      | Reached XP level 1. HP: 14/14 MP: 1/1
    50 | D:1      | Reached skill level 3 in Axes
    50 | D:1      | Reached XP level 2. HP: 18/19 MP: 2/2
   115 | D:1      | XOM: silly message
   237 | D:1      | XOM: divination: magic mapping
   270 | D:1      | Reached XP level 3. HP: 23/23 MP: 3/3
   489 | D:1      | XOM: harmless Fire miscast
   621 | D:1      | Reached skill level 4 in Axes
   857 | D:2      | XOM: smoke on damage
   858 | D:2      | XOM: summons 3 friendly demons
   860 | D:2      | HP: 11/23 [adder (2)]
  1031 | D:2      | Found a sparkling altar of Nemelex Xobeh.
  1199 | D:2      | XOM: destruction
  1233 | D:2      | XOM: 2-stop teleportation journey
  1504 | D:2      | Reached XP level 4. HP: 28/28 MP: 4/4
  1827 | D:3      | XOM: mild Chrm miscast
  1881 | D:3      | XOM: cloud trail
  1933 | D:3      | XOM: harmless Necr miscast
  2051 | D:3      | Noticed Sigmund
  2066 | D:3      | Killed Sigmund
  2066 | D:3      | Reached skill level 6 in Axes
  2066 | D:3      | Reached XP level 5. HP: 31/32 MP: 5/5
  2066 | D:3      | Reached XP level 6. HP: 36/37 MP: 6/6
  2067 | D:3      | XOM: god gift: ivory wand {god gift}
  2144 | D:3      | Noticed Terence
  2154 | D:3      | Killed Terence
  2325 | D:3      | Found a blossoming altar of Fedhas.
  2389 | D:3      | XOM: 4-stop teleportation journey
  2761 | D:4      | XOM: silly message
  2825 | D:4      | XOM: divination: detect items
  2885 | D:4      | XOM: smoke on damage
  3005 | D:4      | Reached XP level 7. HP: 29/42 MP: 7/7
  3187 | D:4      | XOM: divination: magic mapping
  3263 | D:4      | Noticed letownia2's ghost (weakling VSWz)
  3275 | D:4      | Killed letownia2's ghost
  3499 | D:4      | XOM: divination: detect creatures
  3582 | D:4      | Found a shadowy altar of Dithmenos.
  3593 | D:4      | Reached skill level 7 in Axes
  3657 | D:5      | Entered Level 5 of the Dungeon
  3742 | D:5      | Found a sacrificial altar of Ru.
  3798 | D:5      | Noticed Blork the orc
  3809 | D:5      | Killed Blork the orc
  3834 | D:5      | Got a steaming helmet
  3862 | D:5      | Identified the +0 helmet of Gravity {rN+ Int+4} (You found it on level 5 of the Dungeon)
  3961 | D:5      | Reached XP level 8. HP: 26/48 MP: 8/8
  4082 | D:5      | XOM: divination: magic mapping
  4163 | D:5      | XOM: divination: detect creatures
  4224 | D:5      | Noticed Duvessa
  4224 | D:5      | Noticed Dowan
  4225 | D:5      | XOM: potion effect (might)
  4231 | D:5      | Killed Duvessa
  4231 | D:5      | Reached skill level 5 in Fighting
  4240 | D:5      | Killed Dowan
  4671 | D:5      | XOM: divination: magic mapping
  4787 | D:5      | XOM: harmless Conj miscast
  4884 | D:5      | XOM: divination: detect creatures
  4950 | D:6      | XOM: divination: detect items
  4985 | D:6      | Reached skill level 8 in Axes
  5064 | D:6      | XOM: enchant monster (bad)
  5072 | D:6      | Reached skill level 5 in Armour
  5352 | D:6      | XOM: divination: magic mapping
  5612 | D:7      | XOM: noise
  5654 | D:7      | XOM: enchant monster (bad)
  5662 | D:7      | XOM: summons friendly white imp
  5663 | D:7      | Reached XP level 9. HP: 29/55 MP: 9/9
  5678 | D:7      | HP: 26/55 [gnoll sergeant/trident of venom (5)]
  5918 | D:7      | Found a staircase to the Ecumenical Temple.
  5943 | D:7      | Reached skill level 9 in Axes
  6446 | D:8      | Noticed a death yak
  6448 | D:8      | Noticed a death yak
  6448 | D:8      | Noticed Pikel
  6450 | D:8      | Noticed a death yak
  6451 | D:8      | Noticed a death yak
  6451 | D:8      | Noticed a death yak
  6452 | D:8      | Noticed a death yak
  6454 | D:8      | Noticed a death yak
  6466 | D:8      | Killed a death yak
  6645 | D:8      | Killed Pikel
  6645 | D:8      | Reached skill level 10 in Axes
  6728 | D:8      | Found Poveramy's Gadget Shoppe.
  6784 | D:8      | Found a burning altar of Makhleb.
  6785 | D:8      | Found a shimmering altar of Xom.
  6796 | D:8      | Found Ihoil's Antique Armour Shop.
  6799 | D:8      | Noticed a two-headed ogre
  6800 | D:8      | Bought a pair of runed boots for 195 gold pieces
  6802 | D:8      | Found Lain's Magic Scroll Shop.
  6802 | D:8      | XOM: summons friendly crimson imp
  6810 | D:8      | HP: 20/57 [two-headed ogre/giant club (20)]
  6810 | D:8      | XOM: butterfly on damage
  6825 | D:8      | Killed a two-headed ogre
  6825 | D:8      | Reached XP level 10. HP: 26/64 MP: 10/10
  7018 | D:8      | Bought a scroll of teleportation for 39 gold pieces
  7133 | D:8      | Found a staircase to the Lair.
  7140 | D:8      | Found Ottuor Cael's Book Boutique.
  7179 | D:8      | Got a sparkling emerald amulet
  7195 | D:8      | XOM: give mutations
  7195 | D:8      | Gained mutation: You are covered in fur. (AC +1) [Xom's grace]
  7195 | D:8      | Gained mutation: You are partially covered in molten scales. (AC +2) [Xom's grace]
  7195 | D:8      | Gained mutation: Your large and strong wings let you fly indefinitely. [Xom's grace]
  7197 | D:8      | Identified the amulet of Donaiv {RegenMP rElec rC+ rN+ Str-3 Dex+4} (You found it on level 8 of the Dungeon)
  7244 | D:8      | Found Reriofap's Antique Armour Shoppe.
  7283 | D:8      | XOM: summons friendly shadow imp
  7292 | D:8      | XOM: summons 4 friendly demons
  7302 | D:8      | HP: 23/64 [death yak (17)]
  7321 | Lair:1   | Entered Level 1 of the Lair of Beasts
  7324 | Lair:1   | XOM: cleaving
  7325 | Lair:1   | XOM: enchant monster (good)
  7340 | Lair:1   | HP: 26/64 [komodo dragon (5)]
  7341 | Lair:1   | HP: 11/64 [komodo dragon (15)]
  7343 | Lair:1   | HP: 4/64 [komodo dragon (7)]
  7349 | Lair:1   | XOM: 1-stop teleportation journey
  7488 | Lair:1   | XOM: harmless Tmut miscast
  7492 | Lair:1   | XOM: harmless Hex miscast
  7606 | Lair:1   | XOM: divination: magic mapping
  7797 | Lair:1   | XOM is BORED!
  7797 | Lair:1   | XOM: 2-stop teleportation journey
  7811 | Lair:1   | XOM: harmless Erth miscast
  7908 | Lair:1   | Reached skill level 11 in Axes
  8029 | Lair:1   | XOM: cloud trail
  8050 | Lair:1   | XOM: summons friendly iron imp
  8188 | Lair:1   | XOM: divination: detect creatures
  8703 | Lair:1   | Found a stormy altar of Qazlal.
  8843 | Lair:1   | XOM: scenery: create altars
  8854 | Lair:1   | Reached XP level 11. HP: 58/71 MP: 11/11
  8858 | Lair:1   | XOM: give mutation
  8858 | Lair:1   | Gained mutation: You have sharp toenails. [Xom's grace]
  9048 | Lair:2   | XOM: cleaving
  9052 | Lair:2   | XOM: summons 10 friendly demons
  9119 | Lair:2   | Noticed an oklob plant
  9119 | Lair:2   | Noticed an oklob plant
  9119 | Lair:2   | Noticed an oklob plant
  9189 | Lair:2   | Found a hole to the Spider Nest.
  9195 | Lair:2   | XOM: 2-stop teleportation journey
  9438 | Lair:2   | XOM: harmless Necr miscast
  9447 | Lair:2   | Reached skill level 12 in Axes
  9451 | Lair:2   | HP: 36/72 [water moccasin (2)]
  9640 | Lair:2   | Got a steaming wooden ring
  9642 | Lair:2   | Identified the ring "Socua" {rC+ SInv} (You found it on level 2 of the Lair of Beasts)
 10340 | Lair:2   | Reached skill level 10 in Fighting
 10482 | Lair:2   | XOM: harmless Conj miscast
 10685 | Lair:3   | XOM: enchant monster (bad)
 10701 | Lair:3   | XOM: summons friendly crimson imp
 10709 | Lair:3   | XOM: summons 2 friendly demons
 10713 | Lair:3   | HP: 27/72 [molten gargoyle/mace (11)]
 10926 | Lair:3   | XOM: harmless Hex miscast
 10935 | Lair:3   | HP: 26/72 [lava snake/glob of lava (16)]
 11144 | Lair:2   | Noticed an oklob plant
 11146 | Lair:2   | an oklob plant changed into a wandering mushroom
 11361 | Lair:2   | XOM: confuse monster(s)
 11367 | Lair:2   | XOM: enchant monster (good)
 11369 | Lair:2   | an oklob plant changed into a wandering mushroom
 11561 | Lair:2   | XOM: potion effect (brilliance)
 11562 | Lair:2   | XOM: summons 2 friendly demons
 11678 | Lair:2   | XOM: summons 4 friendly demons
 11683 | Lair:2   | Killed an oklob plant
 11697 | Lair:2   | Killed an oklob plant
 11697 | Lair:2   | Reached skill level 10 in Armour
 11803 | Lair:3   | XOM: god gift: 34 gold pieces
 11892 | Lair:3   | Reached XP level 12. HP: 71/78 MP: 10/12
 12004 | Lair:3   | Got an opalescent robe
 12055 | Lair:3   | Noticed a seven-headed hydra
 12064 | Lair:3   | Killed a seven-headed hydra
 12064 | Lair:3   | Reached skill level 13 in Axes
 12328 | Lair:3   | XOM: polymorph porcupine -> steam dragon
 12596 | Lair:3   | XOM: enchant monster (good)
 12624 | Lair:3   | Found a staircase to the Shoals.
 13092 | Lair:4   | XOM: god gift: 40 gold pieces
 13134 | Lair:4   | XOM: stat loss: -1 Str (23/24)
 13163 | Lair:4   | XOM is BORED!
 13163 | Lair:4   | XOM: summons 6 hostile demons
 13164 | Lair:4   | Noticed a soul eater
 13193 | Lair:4   | HP: 36/79 [soul eater[Xom] (5)]
 13239 | Lair:4   | XOM: mild Ice miscast
 13326 | Lair:4   | XOM: medium Conj miscast
 13326 | Lair:4   | HP: 30/79 [the capriciousness of Xom (25)]
 13333 | Lair:4   | HP: 27/79 [bullfrog (4)]
 13377 | Lair:4   | XOM: harmless Ice miscast
 13525 | Lair:4   | XOM: harmless Erth miscast
 13702 | Lair:4   | Noticed Nessos
 13716 | Lair:4   | XOM: noise
 13727 | Lair:4   | XOM: confuse monster(s)
 13738 | Lair:4   | Killed Nessos
 14002 | Lair:4   | XOM: confuse monster(s)
 14022 | Lair:4   | XOM: give mutation
 14022 | Lair:4   | Gained mutation: You are agile. (Dex +2) [Xom's grace]
 14330 | Lair:4   | XOM: noise
 14365 | Lair:4   | XOM: give mutations
 14365 | Lair:4   | Lost mutation: Your large and strong wings let you fly indefinitely. [Xom's mischief]
 14365 | Lair:4   | Gained mutation: You are weak. (Str -2) [Xom's mischief]
 14365 | Lair:4   | Lost mutation: You have sharp toenails. [Xom's mischief]
 14430 | Lair:4   | XOM: cast spell 'Summon Horrible Things'
 14722 | Lair:5   | XOM: smoke on damage
 14830 | Lair:5   | XOM: polymorph yak -> orb spider
 14840 | Lair:5   | XOM: polymorph orb spider -> spiny frog
 14994 | Lair:5   | XOM: destruction
 15008 | Lair:5   | XOM: mild Ice miscast
 15008 | Lair:5   | Reached skill level 14 in Axes
 15146 | Lair:5   | Found a runed door.
 15147 | Lair:5   | Found a viscous altar of Jiyva.
 15149 | Lair:5   | Found a staircase to the Slime Pits.
 15222 | Lair:5   | XOM: 1-stop teleportation journey
 15272 | Lair:5   | Reached XP level 13. HP: 76/84 MP: 13/13
 15275 | Lair:5   | XOM: divination: detect items
 15373 | Lair:5   | XOM: 7-stop teleportation journey
 15582 | Lair:5   | XOM: noise
 15663 | Lair:5   | XOM: give mutations
 15663 | Lair:5   | Gained mutation: You have sharp toenails. [Xom's mischief]
 15663 | Lair:5   | Gained mutation: Armour fits poorly on your strangely shaped body. [Xom's mischief]
 15663 | Lair:5   | Lost mutation: You are agile. (Dex +2) [Xom's mischief]
 15663 | Lair:5   | Lost mutation: You have sharp toenails. [Xom's mischief]
 15819 | Lair:6   | Entered Level 6 of the Lair of Beasts
 15845 | Lair:6   | XOM: harmless Ice miscast
 16085 | Lair:6   | XOM: medium Summ miscast
 16168 | Lair:6   | XOM: mild Hex miscast
 16183 | Lair:6   | XOM: polymorph spiny frog -> raiju
 16184 | Lair:6   | XOM: silly message
 16257 | Lair:6   | HP: 43/86 [rime drake/flash freeze (4)]
 16262 | Lair:6   | XOM: 2-stop teleportation journey
 16264 | Lair:6   | XOM: enchant monster (good)
 16277 | Lair:6   | XOM: confuse monster(s)
 16284 | Lair:6   | HP: 39/86 [wyvern (10)]
 16289 | Lair:6   | HP: 18/86 [wyvern (9)]
 16509 | Lair:5   | XOM: god gift: 24 arrows
 16638 | Lair:6   | XOM: destruction
 16648 | Lair:6   | XOM: fake destruction
 16788 | Lair:6   | XOM: noise
 16863 | Lair:6   | XOM: enchant monster (bad)
 16929 | Lair:6   | XOM: summons friendly quasit
 16931 | Lair:6   | HP: 42/87 [elephant (2)]
 16941 | Lair:6   | HP: 41/87 [basilisk (2)]
 16946 | Lair:6   | Reached skill level 15 in Axes
 17581 | Lair:6   | XOM: cast spell 'Alistair's Intoxication'
 17614 | Lair:6   | XOM: silly message
 17705 | Lair:6   | XOM: polymorph elephant -> swamp dragon
 17742 | Lair:6   | XOM: summons 7 friendly demons
 17747 | Lair:6   | XOM: scenery: create altars
 17752 | Lair:6   | XOM: fog
 17755 | Lair:6   | HP: 34/87 [death yak (13)]
 17792 | Lair:6   | XOM: fake destruction
 17797 | Lair:6   | HP: 35/87 [wolf (3)]
 17817 | Lair:5   | HP: 36/87 [wolf (3)]
 17886 | Lair:5   | XOM: cloud trail
 18018 | Lair:5   | XOM: harmless Pois miscast
 18063 | Lair:6   | Gained mutation: Your large and strong wings let you fly indefinitely. [Gargoyle growth]
 18063 | Lair:6   | Reached XP level 14. HP: 63/92 MP: 9/14
 18065 | Lair:6   | Lost mutation: Armour fits poorly on your strangely shaped body. [potion of mutation]
 18065 | Lair:6   | Lost mutation: You are weak. (Str -2) [potion of mutation]
 18065 | Lair:6   | Lost mutation: You are covered in fur. (AC +1) [potion of mutation]
 18065 | Lair:6   | Gained mutation: Scrolls take you a little longer to read. [potion of mutation]
 18065 | Lair:6   | Lost mutation: Scrolls take you a little longer to read. [potion of mutation]
 18065 | Lair:6   | Gained mutation: You are partially covered in iridescent scales. (AC +2) [potion of mutation]
 18296 | Lair:6   | Got a warped short sword
 18452 | Lair:6   | XOM: potion effect (magic)
 18455 | Lair:6   | XOM: cast spell 'Monstrous Menagerie'
 18467 | Lair:6   | HP: 46/92 [four-headed hydra (1)]
 18863 | D:8      | XOM: polymorph death yak -> something unseen
 18887 | D:7      | HP: 39/92 [death yak (12)]
 19001 | D:7      | XOM: give mutation
 19001 | D:7      | Gained mutation: Your movements are slightly less encumbered by armour. (ER -2) [Xom's grace]
 19038 | D:7      | XOM: god gift: glowing plate armour {god gift}
 19385 | D:8      | XOM: summons friendly crimson imp
 19386 | D:8      | XOM: enchant monster (bad)
 19388 | D:8      | XOM: cast spell 'Discord'
 19391 | D:8      | XOM: divination: detect items
 19392 | D:8      | XOM: confuse monster(s)
 19403 | D:8      | XOM: enchant monster (good)
 19424 | D:8      | Killed a ghost moth
 19433 | D:8      | HP: 45/94 [something (4)]
 19454 | D:8      | XOM: scenery: create altars
 19665 | D:8      | Bought a shiny shield for 195 gold pieces
 19718 | D:8      | XOM: cloud trail
 19728 | D:8      | Bought a scroll of teleportation for 39 gold pieces
 19728 | D:8      | Bought a scroll of teleportation for 39 gold pieces
 19728 | D:8      | Bought a scroll of teleportation for 39 gold pieces
 19743 | D:9      | Found Ceneix's Jewellery Shop.
 19749 | D:9      | XOM: summons friendly white imp
 19752 | D:9      | Reached skill level 1 in Shields
 19755 | D:9      | XOM: enchant monster (good)
 19915 | D:9      | XOM: mild Necr miscast
 20129 | D:9      | Found Dimnifeeny's Armour Shoppe.
 20168 | D:9      | Found Coemochu's Antique Weapon Shop.
 20178 | D:9      | Found Tenolex's Assorted Antiques.
 20186 | D:9      | Bought a murky red potion for 18 gold pieces
 20186 | D:9      | Bought a steel ring for 105 gold pieces
 20247 | D:9      | Found Methoxig's Distillery.
 20388 | D:9      | Found an iron altar of Okawaru.
 20478 | D:9      | XOM: scenery: 1 doors close
 20703 | D:10     | Entered Level 10 of the Dungeon
 20703 | D:10     | Noticed Nergalle
 20703 | D:10     | XOM: destruction
 20719 | D:10     | Killed Nergalle
 20802 | D:10     | Reached skill level 5 in Shields
 20836 | D:9      | Found an ancient bone altar of Kikubaaqudgha.
 20836 | D:9      | Found a hide-covered altar of Uskayaw.
 20876 | D:10     | XOM: give mutations
 20876 | D:10     | Gained mutation: You do not regenerate when monsters are visible. [Xom's mischief]
 20876 | D:10     | Gained mutation: You are clumsy. (Dex -2) [Xom's mischief]
 20876 | D:10     | Gained mutation: You are very clumsy. (Dex -4) [Xom's mischief]
 21240 | D:10     | Noticed Josephine
 21247 | D:10     | XOM: summons friendly white imp
 21259 | D:10     | Killed Josephine
 21452 | D:10     | XOM: summons 3 hostile shadow creatures
 21460 | D:10     | XOM is BORED!
 21460 | D:10     | XOM: give mutation
 21460 | D:10     | Gained mutation: Your body sometimes deteriorates upon taking damage. [Xom's mischief]
 21604 | D:11     | XOM: summons friendly quasit
 21607 | D:11     | XOM: enchant monster (good)
 21613 | D:11     | XOM: fog
 21660 | D:11     | XOM: give mutations
 21660 | D:11     | Lost mutation: You are very clumsy. (Dex -4) [Xom's mischief]
 21660 | D:11     | Lost mutation: You are partially covered in iridescent scales. (AC +2) [Xom's mischief]
 21660 | D:11     | Lost mutation: Your movements are slightly less encumbered by armour. (ER -2) [Xom's mischief]
 21660 | D:11     | Gained mutation: You are very clumsy. (Dex -4) [Xom's mischief]
 21683 | D:11     | XOM: harmless Tmut miscast
 21700 | D:11     | XOM: enchant monster (good)
 21701 | D:11     | XOM: noise
 21958 | D:11     | XOM: confusion (+ monsters)
 22033 | D:11     | XOM: enchant monster (bad)
 22212 | D:11     | XOM: silly message
 22620 | D:11     | Found a staircase to the Orcish Mines.
 22697 | Orc:1    | Entered Level 1 of the Orcish Mines
 22708 | Orc:1    | XOM: enchant monster (bad)
 22885 | D:11     | XOM: summons friendly crimson imp
 22887 | D:11     | XOM: divine lightning
 22904 | D:11     | XOM: give mutation
 22904 | D:11     | Gained mutation: You have a pair of small horns on your head. [Xom's grace]
 23000 | D:11     | XOM: give mutation
 23000 | D:11     | Gained mutation: You are robust. (+10% HP) [Xom's grace]
 23056 | Orc:1    | XOM: polymorph orc -> bat
 23061 | Orc:1    | XOM: confusion
 23070 | Orc:1    | XOM: summons friendly ufetubus
 23075 | Orc:1    | XOM: polymorph smoke demon -> neqoxec
 23079 | Orc:1    | XOM: fake destruction
 23268 | Orc:1    | XOM is BORED!
 23268 | Orc:1    | XOM: give mutation
 23268 | Orc:1    | Gained mutation: You are dopey. (Int -2) [Xom's mischief]
 23398 | Orc:2    | Entered Level 2 of the Orcish Mines
 23458 | Orc:2    | XOM: summons 1 hostile shadow creature
 23465 | Orc:1    | Noticed Snorg
 23482 | Orc:1    | Killed Snorg
 23509 | Orc:1    | Found Biozakuo's Food Shop.
 23675 | Orc:2    | XOM: silly message
 23676 | Orc:2    | XOM: noise
 23693 | Orc:2    | XOM: cloud trail
 23731 | Orc:2    | Found Gihuam's Antique Weapon Shoppe.
 23731 | Orc:2    | XOM: 3-stop teleportation journey
 23837 | Orc:2    | Reached XP level 15. HP: 102/107 MP: 15/15
 23930 | Orc:2    | Found Eduli's Food Boutique.
 23931 | Orc:2    | Found Giqiekleaju's General Store.
 23951 | Orc:2    | XOM: polymorph orc warrior -> wolf
 23966 | Orc:2    | Reached skill level 10 in Shields
 23968 | Orc:2    | XOM: summons 4 friendly demons
 23996 | Orc:2    | XOM: cleaving
 24071 | Orc:1    | XOM: harmless Chrm miscast
 24185 | Orc:2    | XOM: summons 4 friendly demons
 24225 | Orc:2    | XOM: medium Necr miscast
 24284 | Orc:2    | Found a staircase to the Elven Halls.
 24304 | Orc:2    | XOM: cloud trail
 24343 | Orc:2    | Paralysed by you for 5 turns
 24356 | Orc:2    | Paralysed by you for 3 turns
 24503 | Orc:2    | HP: 52/107 [orc warrior/flail (4)]
 25026 | Orc:2    | XOM: enchant monster (bad)
 25036 | Orc:2    | XOM: summons 3 friendly demons
 25040 | Orc:2    | XOM: enchant monster (bad)
 25052 | Orc:2    | HP: 50/107 [orc priest/divine providence (12)]
 25065 | Orc:2    | HP: 41/107 [orc priest/divine providence (9)]
 25429 | Orc:2    | XOM: divination: detect items
 25438 | Orc:2    | XOM: potion effect (might)
 25445 | Orc:2    | XOM: divination: detect creatures
 25464 | Orc:2    | XOM: 1-stop teleportation journey
 25649 | Orc:2    | XOM: give mutations
 25649 | Orc:2    | Gained mutation: You have a somewhat thin skeletal structure. (Dex +2, Stealth) [Xom's grace]
 25649 | Orc:2    | Gained mutation: You can translocate small distances at will. [Xom's grace]
 25649 | Orc:2    | Gained mutation: Your skin changes colour to match your surroundings (Stealth+). [Xom's grace]
 25697 | Orc:2    | Paralysed by an orc sorcerer for 3 turns
 25699 | Orc:2    | XOM: potion effect (agility)
 25744 | Orc:2    | Paralysed by an orc sorcerer for 7 turns
 25749 | Orc:2    | XOM: cast spell 'Summon Butterflies'
 25761 | Orc:2    | XOM: enchant monster (bad)
 25901 | Orc:2    | Gained mutation: Your magical capacity is low. (-10% MP) [a neqoxec]
 25906 | Orc:2    | XOM: cast spell 'Olgreb's Toxic Radiance'
 25943 | Orc:2    | Reached skill level 1 in Dodging
 25957 | Orc:2    | XOM: cast spell 'Summon Small Mammal'
 26112 | Orc:2    | XOM: divination: detect creatures
 26177 | Orc:2    | Found Laecam's Book Shoppe.
 26177 | Orc:2    | Found a one-way gate leading to the halls of Pandemonium.
 26177 | Orc:2    | Found Nux Quf's Antique Armour Emporium.
 26181 | Orc:2    | Bought a scorched plate armour for 924 gold pieces
 26191 | Orc:2    | Identified the cursed +1 plate armour of Eziewned {*Slow rElec rPois Str+6} (You bought it in a shop on level 2 of the Orcish Mines)
 26203 | Orc:2    | Bought a bloodstained chain mail for 313 gold pieces
 26213 | Orc:2    | Identified the cursed +0 chain mail of Ejaleab {+Inv rCorr} (You bought it in a shop on level 2 of the Orcish Mines)
 26327 | D:11     | XOM: divination: detect creatures
 26344 | D:11     | XOM: scenery: create altars
 26376 | D:12     | XOM: give mutations
 26376 | D:12     | Lost mutation: You are very clumsy. (Dex -4) [Xom's grace]
 26376 | D:12     | Gained mutation: You are partially covered in thin metallic scales. (AC +2) [Xom's grace]
 26376 | D:12     | Gained mutation: Your spells are a little harder to cast, but a little more powerful. [Xom's grace]
 26376 | D:12     | Gained mutation: You are very robust. (+20% HP) [Xom's grace]
 26469 | D:12     | XOM: cast spell 'Cause Fear'
 26582 | D:12     | XOM: 1-stop teleportation journey
 26672 | D:12     | XOM is BORED!
 26720 | D:12     | XOM: scenery: 1 doors open, 1 doors close
 26964 | D:12     | XOM: give mutation
 26964 | D:12     | Gained mutation: You are resistant to hostile enchantments. (MR+) [Xom's grace]
 26983 | D:12     | XOM: cloud trail
 27145 | D:12     | XOM: scenery: 1 doors open
 27261 | D:12     | XOM: polymorph deep elf mage -> swamp dragon
 27272 | D:12     | Reached skill level 16 in Axes
 27429 | D:12     | XOM: scenery: create altars
 27443 | D:13     | XOM: summons friendly iron imp
 27537 | D:13     | XOM: cloud trail
 27932 | D:13     | XOM: polymorph centaur warrior -> elephant
 27972 | D:13     | XOM: cleaving
 28019 | D:13     | XOM: medium Ice miscast
 28098 | D:13     | XOM: god gift: scroll of noise
 28119 | D:13     | XOM: god gift: 38 gold pieces
 28135 | D:13     | XOM: harmless Ice miscast
 28296 | D:14     | Found a gate to the Vaults.
 28368 | D:14     | XOM: fog
 28423 | D:14     | HP: 53/118 [yaktaur captain/bolt (24)]
 28440 | D:14     | HP: 44/118 [yaktaur captain/arbalest (12)]
 28442 | D:14     | XOM: enchant monster (good)
 28446 | D:14     | HP: 42/118 [yaktaur captain/arbalest (2)]
 28593 | D:14     | Found a flagged portal.
 28701 | D:14     | XOM: harmless Chrm miscast
 28703 | Bailey   | XOM: stealth player
 28703 | Bailey   | Entered a bailey
 28722 | Bailey   | XOM: cast spell 'Summon Mana Viper'
 28792 | Bailey   | XOM: 3-stop teleportation journey
 28799 | Bailey   | XOM: cast spell 'Summon Dragon'
 28805 | Bailey   | HP: 51/120 [orc knight/halberd (13)]
 28826 | Bailey   | HP: 45/120 [orc warrior/trident (1)]
 28833 | Bailey   | HP: 52/180 [orc warrior/glaive (13)]
 29117 | Bailey   | Identified a scroll of acquirement
 29206 | Bailey   | XOM: harmless Necr miscast
 29207 | Bailey   | Reached XP level 16. HP: 126/126 MP: 14/14
 29213 | Bailey   | XOM: give mutations
 29213 | Bailey   | Lost mutation: Your magical capacity is low. (-10% MP) [Xom's mischief]
 29213 | Bailey   | Lost mutation: Your body sometimes deteriorates upon taking damage. [Xom's mischief]
 29213 | Bailey   | Lost mutation: You have a somewhat thin skeletal structure. (Dex +2, Stealth) [Xom's mischief]
 29321 | D:14     | Got a bronze scale mail
 29359 | D:14     | Identified the +6 scale mail of Melancholy {Regen+ rCorr Dex+7} (You found it on level 14 of the Dungeon)
 29463 | D:14     | XOM: summons 4 hostile demons
 29498 | D:14     | XOM: harmless Pois miscast
 29580 | D:14     | XOM: stat loss: -1 Str (24/25)
 29598 | D:14     | XOM: divination: detect creatures
 29599 | D:14     | XOM: god gift: 14 gold pieces
 29806 | D:14     | XOM: god gift: scroll of teleportation
 29816 | D:15     | Entered Level 15 of the Dungeon
 29840 | D:15     | XOM: give mutations
 29840 | D:15     | Gained mutation: Your skin blends seamlessly with your surroundings (Stealth++). [Xom's grace]
 29840 | D:15     | Gained mutation: Your muscles are strong. (Str +2) [Xom's grace]
 29840 | D:15     | Gained mutation: You possess an exceptional clarity of mind. [Xom's grace]
 29840 | D:15     | Lost mutation: You are clumsy. (Dex -2) [Xom's grace]
 29857 | D:15     | Reached XP level 17. HP: 132/132 MP: 17/17
 29946 | D:15     | XOM: 2-stop teleportation journey
 30309 | D:15     | Noticed Rupert
 30331 | D:15     | Killed Rupert
 30389 | D:15     | XOM: harmless Tmut miscast
 30622 | D:15     | Found a staircase to the Depths.
 30787 | D:15     | XOM: harmless Pois miscast
 30875 | D:13     | XOM: scenery: create altars
 31012 | Spider:1 | Entered Level 1 of the Spider Nest
 31050 | Spider:1 | HP: 45/133 [wolf spider (24)]
 31057 | Spider:1 | Got a faintly humming robe
 31058 | Spider:1 | XOM: summons friendly shadow imp
 31088 | Spider:1 | HP: 55/133 [tarantella (5)]
 31089 | Spider:1 | XOM: potion effect (might)
 31106 | Spider:1 | HP: 52/133 [redback (4)]
 31115 | Spider:1 | HP: 47/133 [redback (4)]
 31158 | Spider:1 | XOM: divination: detect items
 31158 | Spider:1 | HP: 45/133 [something (10)]
 31163 | Spider:1 | XOM: confuse monster(s)
 31171 | Spider:1 | HP: 26/133 [jumping spider (7)]
 31452 | Spider:1 | XOM: noise
 31511 | Spider:1 | Learned a level 2 spell: Blink
 31689 | Spider:1 | XOM: harmless Summ miscast
 31963 | Spider:2 | XOM: silly message
 32062 | Spider:2 | HP: 63/134 [entropy weaver/falchion (6)]
 32068 | Spider:2 | HP: 51/134 [jumping spider (7)]
 32074 | Spider:2 | HP: 41/134 [jumping spider (5)]
 32191 | Spider:2 | XOM: god gift: 9 arrows
 32212 | Spider:2 | XOM: enchant monster (bad)
 32643 | Spider:2 | XOM: give mutation
 32643 | Spider:2 | Gained mutation: You are partially covered in rugged brown scales. (AC +1, +3% HP) [Xom's grace]
 32839 | Spider:2 | Reached skill level 5 in Dodging
 32943 | Spider:3 | XOM: swap monsters
 32975 | Spider:3 | XOM: harmless Air miscast
 33010 | Spider:3 | XOM: harmless Chrm miscast
 33223 | Spider:3 | XOM: divination: magic mapping
 33360 | Spider:4 | Entered Level 4 of the Spider Nest
 33424 | Spider:4 | XOM: harmless Ice miscast
 33500 | Spider:4 | XOM: smoke on damage
 33683 | Spider:4 | XOM: harmless Ice miscast
 33684 | Spider:3 | XOM: potion effect (magic)
 33768 | Spider:4 | XOM: divination: detect items
 33777 | Spider:4 | XOM: fog
 33780 | Spider:3 | Reached skill level 17 in Axes
 33918 | Spider:4 | XOM: 3-stop teleportation journey
 33972 | Spider:4 | Reached XP level 18. HP: 139/143 MP: 16/18
 34000 | Spider:4 | Reached skill level 15 in Armour
 34124 | Spider:4 | XOM: potion effect (haste)
 34137 | Spider:4 | Reached skill level 1 in Stealth
 34492 | Spider:4 | XOM: 1-stop teleportation journey
 34525 | Spider:4 | XOM: fog
 34762 | Spider:4 | XOM: 1-stop teleportation journey
 34785 | Spider:4 | XOM: summons friendly shadow imp
 34786 | Spider:4 | HP: 72/145 [wolf spider (3)]
 34791 | Spider:4 | HP: 35/145 [wolf spider (13)]
 35019 | Spider:4 | Reached skill level 15 in Fighting
 35104 | Spider:4 | Got a gossamer rune of Zot
 35111 | Spider:4 | XOM: give mutation
 35111 | Spider:4 | Lost mutation: You are partially covered in thin metallic scales. (AC +2) [Xom's mischief]
 35308 | Shoals:1 | Entered Level 1 of the Shoals
 35324 | Shoals:1 | XOM: harmless Pois miscast
 35484 | Shoals:1 | XOM: summons friendly ufetubus
 35545 | Shoals:1 | XOM: polymorph ufetubus -> white imp
 36067 | Shoals:1 | XOM: give mutation
 36067 | Shoals:1 | Gained mutation: Your spells are harder to cast, but more powerful. [Xom's grace]
 36488 | Shoals:2 | XOM: enchant monster (good)
 36497 | Shoals:2 | XOM: divination: magic mapping
 36799 | Shoals:2 | XOM: divination: detect creatures
 36817 | Shoals:2 | XOM: summons friendly ufetubus
 36820 | Shoals:2 | Noticed Frances
 36824 | Shoals:2 | HP: 70/146 [merfolk javelineer/javelin (10)]
 36895 | Shoals:2 | Killed Frances
 37005 | Shoals:2 | Reached skill level 5 in Stealth
 37028 | Shoals:2 | XOM: 1-stop teleportation journey
 37031 | Shoals:2 | XOM: god gift: 47 gold pieces
 37112 | Shoals:2 | XOM: polymorph merfolk javelineer -> spark wasp
 37191 | Shoals:2 | XOM: summons 16 friendly demons
 37313 | Shoals:2 | XOM: destruction
 37468 | Shoals:2 | XOM: scenery: create altars
 37593 | Shoals:2 | XOM: fog
 37596 | Shoals:2 | Reached skill level 18 in Axes
 37596 | Shoals:2 | Reached XP level 19. HP: 105/152 MP: 15/19
 37930 | Shoals:3 | Noticed Donald
 37948 | Shoals:3 | Killed Donald
 38209 | Shoals:3 | XOM: confuse monster(s)
 38288 | Shoals:3 | Noticed Polyphemus
 38291 | Shoals:3 | XOM: summons friendly crimson imp
 38300 | Shoals:3 | Killed Polyphemus
 38310 | Shoals:3 | XOM: summons 14 friendly demons
 38469 | Shoals:3 | XOM: god gift: scroll of enchant weapon
 38477 | Shoals:3 | XOM: divine lightning
 38492 | Shoals:3 | XOM: god gift: 7 rations
 38635 | Shoals:3 | Got a crystal halberd
 38636 | Shoals:3 | Identified the +7 halberd "Mayw" {chop, Int+2} (You found it on level 3 of the Shoals)
 38669 | Shoals:3 | Found a stormy altar of Qazlal.
 38677 | Shoals:3 | XOM: summons friendly quasit
 38681 | Shoals:3 | XOM: polymorph kraken -> alligator snapping turtle
 38916 | Shoals:4 | Entered Level 4 of the Shoals
 38916 | Shoals:4 | XOM: polymorph sea snake -> shock serpent
 38941 | Shoals:4 | XOM: cast spell 'Summon Ice Beast'
 38990 | Shoals:3 | XOM: give mutations
 38990 | Shoals:3 | Lost mutation: You can translocate small distances at will. [Xom's mischief]
 38990 | Shoals:3 | Lost mutation: You have a pair of small horns on your head. [Xom's mischief]
 38990 | Shoals:3 | Lost mutation: You are very robust. (+20% HP) [Xom's mischief]
 39013 | Shoals:4 | XOM: cast spell 'Alistair's Intoxication'
 39015 | Shoals:4 | XOM: enchant monster (good)
 39018 | Shoals:4 | XOM: fog
 39071 | Shoals:4 | Noticed Ilsuiw
 39090 | Shoals:4 | Found a frozen archway.
 39096 | Shoals:4 | HP: 68/141 [ice dragon] (6)]
 39100 | Shoals:4 | Noticed Ilsuiw
 39100 | Shoals:4 | Ilsuiw changed into Ilsuiw the shadow dragon
 39100 | Shoals:4 | XOM: polymorph Ilsuiw -> Ilsuiw the shadow dragon
 39103 | IceCv    | Entered an ice cave
 39169 | IceCv    | XOM: torment (95/141 hp)
 39747 | IceCv    | Noticed an Ice Fiend
 39774 | IceCv    | Killed an Ice Fiend
 40000 | IceCv    | XOM: harmless Necr miscast
 40024 | IceCv    | XOM: mild Erth miscast
 40228 | Shoals:4 | XOM: noise
 40239 | Shoals:4 | XOM: harmless Erth miscast
 40241 | Shoals:4 | Killed Ilsuiw the shadow dragon
 40251 | Shoals:4 | HP: 62/141 [merfolk impaler/trident (12)]
 40269 | Shoals:4 | XOM: noise
 40277 | Shoals:4 | HP: 45/141 [sea snake (7)]
 40371 | Shoals:4 | HP: 61/141 [merfolk javelineer/poisoned javelin (11)]
 40378 | Shoals:4 | HP: 59/141 [merfolk javelineer/javelin of returning (2)]
 40382 | Shoals:4 | XOM: polymorph merfolk javelineer -> ice dragon
 40384 | Shoals:4 | XOM: noise
 40384 | Shoals:4 | HP: 42/141 [ice dragon (shapeshifter)/blast of cold (4)]
 40589 | Shoals:4 | XOM: mild Conj miscast
 40699 | Shoals:4 | XOM: stat loss: -1 Str (27/28)
 40714 | Shoals:4 | XOM: medium Necr miscast
 40717 | Shoals:4 | XOM: stat loss: -1 Str (26/28)
 40719 | Shoals:4 | XOM: polymorph merfolk avatar -> tyrant leech
 40848 | Shoals:4 | XOM: harmless Conj miscast
 40926 | Shoals:4 | Found the +0 pair of fencer's gloves {+Riposte Dex+3}
 40932 | Shoals:4 | XOM: swap monsters
 40934 | Shoals:4 | XOM: swap monsters
 40947 | Shoals:4 | XOM: polymorph merfolk javelineer -> storm dragon
 40962 | Shoals:4 | HP: 62/141 [merfolk/trident (10)]
 40965 | Shoals:4 | XOM: harmless Pois miscast
 41040 | Shoals:4 | HP: 66/141 [wind drake/the air (8)]
 41116 | Shoals:4 | XOM: torment (94/141 hp)
 41119 | Shoals:4 | HP: 70/141 [wind drake/the air (26)]
 41130 | Shoals:4 | Got an ancient copper ring
 41144 | Shoals:4 | HP: 54/141 [merfolk/trident (5)]
 41145 | Shoals:4 | XOM: harmless Necr miscast
 41230 | Shoals:4 | XOM: swap monsters
 41238 | Shoals:4 | XOM: chaos cloud
 41243 | Shoals:4 | HP: 68/141 [merfolk javelineer/javelin (17)]
 41244 | Shoals:4 | XOM: 5-stop teleportation journey
 41312 | Shoals:4 | XOM: polymorph cyclops -> hippogriff
 41315 | Shoals:4 | XOM: 5-stop teleportation journey
 41361 | Shoals:4 | XOM: scenery: create altars
 41362 | Shoals:4 | XOM: enchant monster (bad)
 41367 | Shoals:4 | HP: 67/141 [satyr/arrow (22)]
 41387 | Shoals:4 | XOM: draining
 41412 | Shoals:4 | XOM: summons 1 hostile shadow creature
 41638 | Shoals:4 | Noticed Jatast's ghost (adept CeHu)
 41643 | Shoals:4 | XOM: noise
 41653 | Shoals:4 | XOM: noise
 41654 | Shoals:4 | XOM: polymorph faun -> anaconda
 41661 | Shoals:4 | XOM: chaos cloud
 41663 | Shoals:4 | HP: 70/141 [anaconda (1)]
 41670 | Shoals:4 | HP: 51/141 [Jatast's ghost (15)]
 41674 | Shoals:4 | HP: 18/141 [Jatast's ghost (10)]
 41675 | Shoals:4 | Killed Jatast's ghost
 41675 | Shoals:4 | Reached XP level 20. HP: 19/149 MP: 20/20
 41679 | Shoals:4 | HP: 16/149 [anaconda (4)]
 41681 | Shoals:4 | HP: 4/149 [anaconda (11)]
 41803 | Shoals:4 | XOM: medium Ice miscast
 41840 | Shoals:4 | XOM: summons 1 hostile demon
 41845 | Shoals:4 | Identified the cursed ring of Xom's Capriciousness {rElec rC+ Dex-3 SInv} (You took it off a merfolk impaler on level 4 of the Shoals)
 41899 | Shoals:4 | Got a barnacled rune of Zot
 42051 | Shoals:4 | XOM: mild Erth miscast
 42286 | Shoals:4 | XOM: give mutations
 42286 | Shoals:4 | Gained mutation: Your body sometimes deteriorates upon taking damage. [Xom's mischief]
 42286 | Shoals:4 | Lost mutation: You possess an exceptional clarity of mind. [Xom's mischief]
 42426 | Lair:3   | XOM: give mutations
 42426 | Lair:3   | Gained mutation: You are mostly covered in molten scales. (AC +3) [Xom's grace]
 42426 | Lair:3   | Lost mutation: You are dopey. (Int -2) [Xom's grace]
 42426 | Lair:3   | Gained mutation: You are highly resistant to hostile enchantments. (MR++) [Xom's grace]
 42426 | Lair:3   | Gained mutation: Your flesh is heat resistant. (rF+) [Xom's grace]
 42520 | D:8      | Bought a scroll of magic mapping for 45 gold pieces
 42560 | D:9      | Bought a potion of invisibility for 112 gold pieces
 42560 | D:9      | Bought a potion of berserk rage for 70 gold pieces
 42604 | D:8      | Bought a transparent scale mail for 234 gold pieces
 42614 | D:8      | Identified the +1 scale mail "Laruufa" {Int+9 Dex-2} (You bought it in a shop on level 8 of the Dungeon)
 42651 | D:9      | Bought the ring "Fidiwutz" {rF+ MR+ Int+4} for 644 gold pieces
 42749 | D:14     | XOM: give mutation
 42749 | D:14     | Gained mutation: You have a pair of small antennae on your head. [Xom's grace]
 42756 | Vaults:1 | Entered Level 1 of the Vaults
 42777 | Vaults:1 | Reached skill level 19 in Axes
 42830 | Vaults:1 | XOM: swap monsters
 42846 | Vaults:1 | XOM: divination: detect creatures
 42860 | Vaults:1 | XOM: scenery: 2 doors close
 42870 | Vaults:1 | HP: 74/149 [orc warrior/halberd of holy wrath[an orc knight] (7)]
 42877 | Vaults:1 | HP: 60/149 [orc knight/battleaxe[a boggart] (12)]
 42977 | D:14     | XOM: cloud trail
 43003 | D:14     | XOM: scenery: create altars
 43153 | D:14     | XOM: noise
 43157 | Vaults:1 | XOM: give mutations
 43157 | Vaults:1 | Gained mutation: Your flesh is very heat resistant. (rF++) [Xom's grace]
 43157 | Vaults:1 | Gained mutation: You have very sharp teeth. [Xom's grace]
 43157 | Vaults:1 | Gained mutation: You are agile. (Dex +2) [Xom's grace]
 43284 | Vaults:1 | XOM: summons friendly iron imp
 43350 | Vaults:1 | XOM: scenery: 1 doors open
 43689 | Vaults:1 | XOM: fog
 43699 | Vaults:1 | XOM: enchant monster (good)
 43709 | Vaults:1 | HP: 74/149 [wind drake (shapeshifter) (5)]
 43713 | Vaults:1 | XOM: summons friendly shadow imp
 43718 | Vaults:1 | HP: 58/149 [wind drake (shapeshifter)/the air (4)]
 43722 | Vaults:1 | XOM: polymorph cyclops -> lindwurm
 43728 | Vaults:1 | XOM: 2-stop teleportation journey
 43814 | Vaults:1 | HP: 69/149 [centaur warrior/arrow (8)]
 43819 | Vaults:1 | HP: 65/149 [centaur/arrow[a centaur warrior] (4)]
 43823 | Vaults:1 | XOM: cleaving
 43824 | Vaults:1 | HP: 63/149 [lindwurm/blast of flame (2)]
 43828 | Vaults:1 | HP: 27/149 [centaur warrior/arrow (16)]
 43834 | Vaults:1 | HP: 29/149 [lindwurm (1)]
 43842 | Vaults:1 | HP: 33/149 [centaur/arrow[a centaur warrior] (8)]
 43847 | Vaults:1 | HP: 23/149 [rakshasa/trident (8)]
 43853 | Vaults:1 | HP: 9/149 [yaktaur (14)]
 43866 | Vaults:1 | HP: 33/149 [cyclops/large rock (2)]
 44330 | Vaults:1 | XOM: scenery: 1 doors close
 44513 | Vaults:1 | XOM: enchant monster (bad)
 44558 | Vaults:1 | XOM: enchant monster (bad)
 44574 | Vaults:1 | XOM: divination: detect items
 44619 | Vaults:1 | XOM: god gift: 60 gold pieces
 44720 | Vaults:1 | XOM: mild Ice miscast
 44853 | Vaults:1 | XOM: 5-stop teleportation journey
 44884 | Vaults:2 | XOM: torment (117/150 hp)
 44918 | Vaults:2 | XOM: 2-stop teleportation journey
 44929 | Vaults:2 | XOM: give mutations
 44929 | Vaults:2 | Lost mutation: Your flesh is very heat resistant. (rF++) [Xom's mischief]
 44929 | Vaults:2 | Lost mutation: You are partially covered in rugged brown scales. (AC +1, +3% HP) [Xom's mischief]
 44929 | Vaults:2 | Lost mutation: You are robust. (+10% HP) [Xom's mischief]
 45257 | Vaults:2 | XOM: noise
 45263 | Vaults:2 | XOM: mild Air miscast
 45731 | Vaults:2 | XOM: give mutations
 45731 | Vaults:2 | Lost mutation: Your muscles are strong. (Str +2) [Xom's mischief]
 45731 | Vaults:2 | Lost mutation: You have a pair of small antennae on your head. [Xom's mischief]
 45731 | Vaults:2 | Lost mutation: Your body sometimes deteriorates upon taking damage. [Xom's mischief]
 45735 | Vaults:2 | XOM: harmless Fire miscast
 45830 | Vaults:2 | XOM: harmless Chrm miscast
 46072 | Vaults:2 | XOM: noise
 46272 | Vaults:2 | Got an encrusted flail
 46470 | Vaults:2 | XOM: potion effect (might)
 46547 | Vaults:2 | XOM: silly message
 46719 | Vaults:2 | Found Era Zotimo's Distillery.
 46722 | Vaults:2 | Bought 2 potions of heal wounds for 190 gold pieces
 46722 | Vaults:2 | Bought a potion of haste for 190 gold pieces
 46756 | Vaults:3 | XOM: divination: magic mapping
 46758 | Vaults:3 | XOM: cast spell 'Chain of Chaos'
 46766 | Vaults:3 | Reached skill level 20 in Axes
 46829 | Vaults:3 | XOM: god gift: wand of clouds (5)
 46865 | Vaults:3 | Reached XP level 21. HP: 123/139 MP: 21/21
 47188 | Vaults:3 | XOM: summons 2 hostile shadow creatures
 47334 | Vaults:3 | XOM: enchant monster (bad)
 47339 | Vaults:3 | XOM: 1-stop teleportation journey
 47359 | Vaults:3 | XOM: smoke on damage
 47399 | Vaults:3 | XOM: noise
 47459 | Vaults:3 | XOM: summons friendly ufetubus
 47483 | Vaults:3 | XOM: polymorph ufetubus -> ufetubus
 47547 | Vaults:3 | XOM: 2-stop teleportation journey
 47549 | Vaults:3 | XOM: destruction
 47555 | Vaults:3 | HP: 59/140 [stone giant (12)]
 47559 | Vaults:3 | XOM: divination: detect items
 47664 | Vaults:3 | XOM: mild Air miscast
 47710 | Vaults:3 | XOM: scenery: 1 doors open, 3 doors close
 47714 | Vaults:3 | XOM: harmless Conj miscast
 47845 | Vaults:3 | XOM: blink monster(s)
 47897 | Vaults:3 | XOM: summons 7 hostile demons
 48045 | Vaults:3 | XOM: enchant monster (bad)
 48056 | Vaults:3 | XOM: summons friendly iron imp
 48057 | Vaults:3 | XOM: blink monster(s)
 48067 | Vaults:3 | XOM: 5-stop teleportation journey
 48300 | Vaults:3 | XOM: 1-stop teleportation journey
 48375 | Vaults:3 | XOM: fog
 48385 | Vaults:3 | XOM: potion effect (curing)
 48403 | Vaults:3 | HP: 53/140 [skeletal warrior/halberd (21)]
 48405 | Vaults:3 | XOM: summons friendly crimson imp
 48420 | Vaults:3 | XOM: confuse monster(s)
 48423 | Vaults:3 | XOM: enchant monster (good)
 48642 | Vaults:3 | XOM: god gift: scroll of amnesia
 48866 | Vaults:3 | XOM: give mutations
 48866 | Vaults:3 | Gained mutation: You are partially covered in iridescent scales. (AC +2) [Xom's grace]
 48866 | Vaults:3 | Gained mutation: You possess an exceptional clarity of mind. [Xom's grace]
 48866 | Vaults:3 | Gained mutation: You are somewhat resistant to further mutation. [Xom's grace]
 48866 | Vaults:3 | Gained mutation: You are covered in fur. (AC +1) [Xom's grace]
 48916 | Vaults:3 | Found a staircase to the Crypt.
 49268 | Vaults:4 | XOM: stealth player
 49289 | Vaults:4 | XOM: mild Chrm miscast
 49390 | Vaults:4 | XOM: god gift: potion of might
 49448 | Vaults:4 | Noticed jazmu's ghost (adept DsFE)
 49449 | Vaults:4 | HP: 67/140 [jazmu's ghost/fireball (6)]
 49454 | Vaults:4 | HP: 55/140 [centaur warrior/arrow (12)]
 49457 | Vaults:4 | Killed jazmu's ghost
 49463 | Vaults:4 | HP: 36/140 [crystal guardian (12)]
 49603 | Vaults:4 | XOM: cast spell 'Summon Butterflies'
 49614 | Vaults:4 | XOM: summons friendly shadow imp
 49820 | Vaults:4 | XOM: summons 15 friendly demons
 49821 | Vaults:4 | Found Nafatwedghun's Gadget Shop.
 49821 | Vaults:4 | Found Demmeon's Assorted Antiques.
 49827 | Vaults:4 | XOM: fake destruction
 49833 | Vaults:4 | XOM: enchant monster (good)
 49834 | Vaults:4 | XOM: divination: magic mapping
 49840 | Vaults:4 | Found Xeew's Antique Armour Shop.
 50144 | Vaults:4 | Found Efoshaf's Weapon Shop.
 50149 | Vaults:4 | XOM: smoke on damage
 50151 | Vaults:4 | Reached skill level 21 in Axes
 50260 | Vaults:4 | XOM: summons friendly chaos spawn
 50285 | Vaults:4 | XOM: scenery: 2 doors close
 50296 | Vaults:4 | XOM: enchant monster (good)
 50298 | Vaults:4 | XOM: polymorph orc knight -> dream sheep
 50300 | Vaults:4 | XOM: potion effect (curing)
 50306 | Vaults:4 | Reached XP level 22. HP: 105/147 MP: 22/22
 50313 | Vaults:4 | HP: 71/147 [deep elf knight/scimitar[an ironheart preserver] (8)]
 50331 | Vaults:4 | HP: 50/147 [orc knight/great sword (4)]
 50999 | Vaults:4 | XOM: god gift: book of Clouds
 51261 | Vaults:4 | XOM: 1-stop teleportation journey
 51278 | Vaults:4 | XOM: harmless Pois miscast
 51406 | Vaults:4 | XOM: harmless Fire miscast
 51744 | Depths:1 | Entered Level 1 of the Depths
 51768 | Depths:1 | XOM: harmless Tloc miscast
 51847 | Depths:1 | XOM: chaos cloud
 51851 | Depths:1 | XOM: medium Summ miscast
 51852 | Depths:1 | XOM: 2-stop teleportation journey
 51862 | Depths:1 | HP: 65/148 [deep troll earth mage (19)]
 51864 | Depths:1 | HP: 29/148 [deep troll earth mage (7)]
 51865 | Depths:1 | HP: 11/148 [spark wasp (5)]
 51868 | Depths:1 | XOM: confuse monster(s)
 51886 | Depths:1 | HP: 21/148 [deep troll earth mage/Lee's Rapid Deconstruction (27)]
 51887 | Depths:1 | HP: 8/148 [deep troll earth mage/Lee's Rapid Deconstruction (13)]
 51888 | Depths:1 | XOM: noise
 51892 | Depths:1 | Noticed Sojobo
 51895 | Depths:1 | Killed from afar by Sojobo

Skill      XL: |  1  2  3  4  5  6  7  8  9 10 11 12 13 14 15 16 17 18 19 20 21 |
---------------+----------------------------------------------------------------+-----
Axes           | 3 4 6 7 8 10 11 12 14 15 16 17 18 20 21 | 21.4
Armour         | 3 4 5 7 8 10 11 12 13 14 15 16 17 18 | 18.8
Fighting       | 4 6 7 9 10 11 12 13 14 15 16 17 18 | 18.5
Shields        | 9 13 14 | 14.0
Dodging        | 3 5 7 8 |  8.6
Stealth        | 5 |  5.0

Action                   |  1- 3 |  4- 6 |  7- 9 | 10-12 | 13-15 | 16-18 | 19-21 | 22-24 || total
-------------------------+-------+-------+-------+-------+-------+-------+-------+-------++-------
Melee: Hand axe          |    83 |   107 |    23 |       |       |       |       |       ||   213
       War axe           |       |       |   280 |   571 |  1525 |   155 |       |       ||  2531
       Flail             |       |       |       |    49 |    45 |    12 |       |       ||   106
       Headbutt          |       |       |       |       |   132 |   225 |    45 |       ||   402
       Executioner's axe |       |       |       |       |       |   668 |  1339 |   134 ||  2141
       Bite              |       |       |       |       |       |       |   116 |    16 ||   132
       Battleaxe         |       |       |       |       |       |       |    57 |       ||    57
 Abil: Fly               |       |       |       |     1 |     1 |       |       |       ||     2
Evoke: Wand              |       |       |       |    10 |       |       |       |       ||    10
  Use: Scroll            |       |    10 |     3 |     9 |    16 |    10 |    11 |     5 ||    64
       Potion            |       |       |       |     1 |     4 |       |     4 |     2 ||    11
 Stab: Sleeping          |     3 |     3 |       |       |       |     6 |     5 |       ||    17
       Paralysed         |       |     5 |       |     4 |       |       |     2 |       ||    11
       Petrifying        |       |       |     1 |       |     3 |       |       |       ||     4
       Distracted        |       |       |       |     2 |     3 |     1 |     3 |       ||     9
       Confused          |       |       |       |     4 |     4 |       |     3 |       ||    11
       Fleeing           |       |       |       |       |     1 |       |       |       ||     1
       Invisible         |       |       |       |       |       |       |     8 |       ||     8
       Petrified         |       |       |       |       |       |       |     8 |       ||     8
  Eat: Chunk             |     1 |     6 |     8 |    21 |    42 |    25 |    28 |     5 ||   136
       Ration            |       |       |     1 |     2 |     1 |     1 |     4 |       ||     9
Armor: Leather armour    |    30 |    38 |    15 |       |       |       |       |       ||    83
       Chain mail        |       |       |   202 |   545 |   368 |       |       |       ||  1115
       Plate armour      |       |       |       |       |   686 |    18 |   191 |       ||   895
       Scale mail        |       |       |       |       |       |  1087 |   330 |       ||  1417
       Crystal plate arm |       |       |       |       |       |       |  1020 |   182 ||  1202
Dodge: Dodged            |    41 |    60 |   158 |   259 |   396 |   856 |   866 |    85 ||  2721
Block: Shield            |       |       |       |       |   624 |   115 |       |       ||   739

Vault maps used:
D:1:      dpeg_arrival_three_same_balls
D:2:      lemuel_crystal_altar, minmay_misc_feat_five
D:3:      fedhas_altar_1, uniq_sigmund, uniq_terence
D:4:      grunt_dithmenos_shadows, first_ration, minmay_misc_feat_diagonals
D:5:      nicolae_ru_the_path_less_chosen, uniq_duvessa, uniq_blork_the_orc
D:6:      minmay_misc_feat_four_crosses
D:7:      temple_fountains
D:8:      grunt_temple_overflow_champion_of_chaos, dpeg_lair_monsters,
          serial_shops, shop, shop, shop, shop, shop, the_bakery, uniq_pikel
D:9:      nicolae_overflow_hidden_temple, serial_shops, shop,
          nicolae_shop_overgrown_old_shop, shop, nicolae_shop_behind_doors,
          nicolae_shop_waterfront
D:10:     uniq_josephine, uniq_nergalle
D:11:     hiddenorc1_lemuel, roderic_lattice_a, minivault_7
D:12:     solitary_fountain, minivault_14
D:14:     david_vaults_2, enter_bailey_3
D:15:     grunt_enter_depths_snipers, roderic_batcave, uniq_rupert
Lair:1:   beast_lair_carwin_large_4, basic_altar, lemuel_fruit_fields
Lair:2:   spider_nest_entry_web_field, grunt_megastairs_5,
          minmay_lair_oklob_chamber, serial_bayou_shore_b
Lair:3:   cheibrodos_magma_flow, minmay_shoals_entry_lonely_mermaid,
          lemuel_fruit_fields, serial_bayou_shore_b
Lair:4:   grunt_megastairs_2, uniq_nessos
Lair:5:   slime_altar_2, serial_bayou_crossing
Lair:6:   grunt_lair_end_beastmaster, special_room
Shoals:2: argonaut_gorgonesque, uniq_frances
Shoals:3: wheals_shoals_ruined_temple, uniq_donald, uniq_polyphemus
Shoals:4: shoals_end_grunt_garden, shoal_ilsuiw, portal_ice_cave_entry_dragon
Spider:2: spider_trap
Spider:4: guppyfry_spider_rune
Orc:1:    serial_shops, nicolae_shop_temple_entry_statues_fountains, shop,
          uniq_snorg
Orc:2:    pf_orc_diabolical, serial_shops, shop
Vaults:1: nicolae_vaults_windows_and_doors_thing,
          nicolae_vaults_diagonal_hallway_8, ontoclasm_vaults_decontamination,
          vaults_mumra_hexcomb, nicolae_vaults_twisting_passages
Vaults:2: vaults_room_door_ring, vaults_standard_mumra_enter_the_diamond,
          ontoclasm_vaults_ring_small, v_misc_13, vaults_standard_mumra_lines,
          hangedman_vaults_hat, nicolae_vaults_little_squares_6,
          nicolae_vaults_puzzle_piece, ontoclasm_vaults_spin, v_misc_17,
          v_misc_25, vaults_room_grunt_arrival_ludios, serial_shops,
          nicolae_shop_behind_doors
Vaults:3: v_misc_29, minmay_crypt_entry_skeletal_spiral,
          vaults_room_hangedman_quadrants, nicolae_vaults_bisected_exclaves,
          vaults_room_door_hall, nicolae_vaults_ninety_degrees,
          dpeg_vaults_monster_box, v_misc_1, hangedman_vaults_corner_blocks
Vaults:4: nicolae_vaults_asterisk, hangedman_vaults_impose,
          hangedman_vaults_trim, nicolae_vaults_little_squares_5,
          nicolae_vaults_network_barrier, ontoclasm_vaults_bender,
          hangedman_vaults_hard_town_square, grunt_vaults_funnel,
          nicolae_vaults_mini_display_case, serial_shops, shop
Depths:1: kennysheep_cluttered_fort, abyss_entry, minmay_crystal_room,
          hangedman_tar_grid_catacomb, nemelex_diamond_rough_becter,
          uniq_asterion, uniq_aizul, uniq_sojobo
Bailey:   bailey_polearm_5, bailey
IceCv:    ice_cave_caverns_01
